 Dungeon Crawl Stone Soup version 0.27.1-16-g815e20cd7a (webtiles) character file.

Game seed: 595633918207093701

121517 4FPSwarrior the Fighter (level 15, -1/129 HPs)
             Began as a Demigod Conjurer on Nov 19, 2021.
             Slain by a swamp worm (11 damage)
             ... called by a spriggan druid
             ... on level 3 of the Swamp on Nov 21, 2021.
             The game lasted 03:56:04 (52687 turns).

4FPSwarrior the Fighter (Demigod Conjurer)         Turns: 52687, Time: 03:56:05

Health: -1/129     AC: 10    Str: 23    XL:     15   Next: 85%
Magic:  0/42       EV: 14    Int: 28    God:
Gold:   877        SH:  7    Dex: 14    Spells: 3/33 levels left

rFire    . . .     SeeInvis .   x - +4 short sword of Penawnuz {spect, rC+++ Will+++ Str-3 Dex-5}
rCold    + + +     Faith    .   I - +2 buckler
rNeg     . . .     Spirit   +   p - +0 robe of Subjectivity {rPois Int-5 Dex+2}
rPois    +         Reflect  .   z - +1 hat
rElec    .         Harm     .   (no cloak)
rCorr    .         Rampage  .   J - +1 pair of gloves
Will     ++++.                  o - +3 pair of boots of Weightlessness {Str+4 Int+3 Dex-5}
Stlth    +++.......             d - amulet "Unoth" {Spirit Str+2 Dex+6}
HPRegen  0.31/turn              y - ring of Plog {+Blink rC+ Int+6}
MPRegen  0.28/turn              i - ring of magical power

@: about to teleport
A: high mp 1, forlorn
a: Evoke Blink


You were on level 3 of the Swamp.
You visited 5 branches of the dungeon, and saw 27 of its levels.
You also visited: Ice Cave.

You collected 3006 gold pieces.
You spent 2129 gold pieces at shops.

Inventory:

Hand Weapons
 q - the +10 hand axe of the Hungering Gnat {vorpal, rElec Str+2 Int+3}
   (You found it on level 4 of the Dungeon)

   It inflicts extra damage upon your enemies.
   Str:       It affects your strength (+2).
   Int:       It affects your intelligence (+3).
   rElec:     It insulates you from electricity.
 t - a +0 hand axe of flaming
 x - the +4 short sword of Penawnuz (weapon) {spect, rC+++ Will+++ Str-3 Dex-5}
   (You found it on level 6 of the Dungeon)

   When its wielder attacks, the weapon's spirit leaps out and strikes again.
   The spirit shares a part of any damage it takes with its wielder.
   Str:       It affects your strength (-3).
   Dex:       It affects your dexterity (-5).
   rC:        It renders you almost immune to cold.
   Will:      It greatly increases your willpower.
 F - a +1 antimagic war axe
Armour
 o - the +3 pair of boots of Weightlessness (worn) {Str+4 Int+3 Dex-5}
   (You acquired it on level 15 of the Dungeon)

   Str:       It affects your strength (+4).
   Int:       It affects your intelligence (+3).
   Dex:       It affects your dexterity (-5).
 p - the +0 robe of Subjectivity (worn) {rPois Int-5 Dex+2}
   (You found it on level 3 of the Lair of Beasts)

   Int:       It affects your intelligence (-5).
   Dex:       It affects your dexterity (+2).
   rPois:     It protects you from poison.
 z - a +1 hat (worn)
 I - a +2 buckler (worn)
 J - a +1 pair of gloves (worn)
 K - the +4 ring mail "Tageimm" {rElec rF+ rN+ Regen+}
   (You found it on level 11 of the Dungeon)

   rF:        It protects you from fire.
   rElec:     It insulates you from electricity.
   rN:        It protects you from negative energy.
   Regen:     It increases your rate of health regeneration.
 T - the +1 kite shield of the Other World {+Blink Str+2 Int+2}
   (You found it on level 13 of the Dungeon)

   Str:       It affects your strength (+2).
   Int:       It affects your intelligence (+2).
   +Blink:    It lets you blink.
Jewellery
 d - the amulet "Unoth" (around neck) {Spirit Str+2 Dex+6}
   (You found it on level 3 of the Lair of Beasts)

   [amulet of guardian spirit]

   It causes incoming damage to be divided between your reserves of health and
   magic.
   Str:       It affects your strength (+2).
   Dex:       It affects your dexterity (+6).
 i - a ring of magical power (right hand)
 y - the ring of Plog (left hand) {+Blink rC+ Int+6}
   (You found it on level 6 of the Lair of Beasts)

   [ring of intelligence]

   Int:       It affects your intelligence (+6).
   rC:        It protects you from cold.
   +Blink:    It lets you blink.
 W - a ring of positive energy
 Y - a ring of protection from fire
Wands
 n - a wand of iceblast (28)
 u - a wand of acid (11)
 w - a wand of paralysis (27)
 G - a wand of charming (12)
 M - a wand of flame (46)
 P - a wand of digging (9)
 R - a wand of polymorph (33)
Scrolls
 b - 3 scrolls of holy word
 e - a scroll of teleportation
 f - 2 scrolls of fear
 k - 6 scrolls of vulnerability
 m - a scroll of silence
 s - 2 scrolls of enchant armour
 v - 5 scrolls of fog
 B - a scroll of brand weapon
 D - 3 scrolls of magic mapping
 H - 6 scrolls of blinking
Potions
 a - a potion of brilliance
 c - 5 potions of ambrosia
 g - a potion of berserk rage
 h - 2 potions of lignification
 j - 2 potions of magic
 l - 11 potions of curing
 r - 4 potions of resistance
 A - 4 potions of flight
 E - 3 potions of mutation
 L - 2 potions of invisibility
 Q - a potion of haste
 S - 5 potions of heal wounds
 Z - a potion of cancellation
Miscellaneous
 U - a phantom mirror
 V - a box of beasts


   Skills:
 * Level 11.0 Fighting
 - Level 5.9(6.3) Axes
 - Level 3.0(4.8) Maces & Flails
 + Level 5.8 Armour
 - Level 5.8 Dodging
 - Level 5.0 Stealth
 * Level 5.7 Shields
 + Level 9.7 Spellcasting
 + Level 10.9 Conjurations
 - Level 8.0 Hexes
 - Level 5.1 Summonings
 - Level 8.0 Ice Magic
 + Level 8.0 Air Magic
 + Level 8.2 Evocations


You had 3 spell levels left.
You knew the following spells:

 Your Spells              Type           Power      Damage    Failure   Level
a - Magic Dart            Conj           100%       1d8       1%          1
b - Searing Ray           Conj           100%       3d7       1%          2
c - Dazzling Flash        Conj/Hex       100%       N/A       1%          3
d - Summon Guardian Gole  Hex/Summ       50%        N/A       1%          3
e - Fulminant Prism       Conj/Hex       30%        3d16      1%          4
f - Freezing Cloud        Conj/Ice/Air   29%        6-21      2%          5
g - Iskenderun's Battles  Conj           66%        2d12      1%          5
h - Frozen Ramparts       Ice            100%       1d12      1%          3
i - Summon Ice Beast      Ice/Summ       50%        N/A       2%          4

Your spell library contained the following spells:

 Spells                   Type           Power      Damage    Failure   Level
 Summon Small Mammal      Summ           100%       N/A       1%          1
 Call Imp                 Summ           42%        N/A       1%          2
 Corpse Rot               Necr/Air       N/A        N/A       1%          2
 Poisonous Vapours        Pois/Air       72%        N/A       1%          2
 Call Canine Familiar     Summ           42%        N/A       1%          3
 Mephitic Cloud           Conj/Pois/Air  49%        N/A       1%          3
 Portal Projectile        Hex/Tloc       72%        N/A       2%          3
 Ignite Poison            Fire/Tmut/Pois 13%        N/A       12%         3
 Iskenderun's Mystic Bla  Conj/Tloc      44%        2d10      4%          4
 Ice Form                 Ice/Tmut       36%        N/A       8%          4
 Leda's Liquefaction      Hex/Erth       18%        N/A       8%          4
 Fireball                 Conj/Fire      22%        3d10      12%         5
 Conjure Ball Lightning   Conj/Air       30%        3x3d10    13%         6
 Yara's Violent Unravell  Hex/Tmut       18%        3d9       22%         5
 Orb of Destruction       Conj           33%        9d12      36%         7
 Olgreb's Toxic Radiance  Pois           13%        N/A       38%         4
 Ozocubu's Refrigeration  Ice            27%        4d10      78%         7
 Statue Form              Tmut/Erth      8%         N/A       99%         6
 Ignition                 Fire           6%         3d4       100%        8


Dungeon Overview and Level Annotations

Branches:
Dungeon (15/15)            Temple (0/1) D:5            Lair (6/6) D:10
  Swamp (3/4) Lair:2        Snake (1/4) Lair:4        Slime (0/5) Lair:5
    Orc (2/2) D:9             Elf (0/3) Orc:2        Vaults (0/5) D:13
 Depths (0/5) D:15          IceCv (visited)

Shops:
D:6 (   D:10 ?   Orc:2 :?(![

Portals:
Abyss: Lair:6

Annotations:
D:8 exclusion: 2 doors
D:11 1 runed translucent door, exclusion: door
D:15 Nessos
Swamp:2 exclusion: downstairs
Orc:1 2 transporters, chujev's ghost, journeyman DrTm


Innate Abilities, Weirdness & Mutations

Your attributes grow dramatically as you level up.
You have an increased reservoir of magic. (+10% MP)
You shall have no god before yourself.


Message History

The bunyip gives a hideous shriek!
The swamp worm fires a harpoon shot at you.
You block the harpoon shot. The bunyip claws you!! x3
The spriggan druid points at you and mumbles some strange words.
The stone arrow hits you!! The will-o-the-wisp engulfs you.
The swamp worm barely misses you.
The spriggan druid hits you with a +0 quarterstaff!
The swamp worm fires a harpoon shot at you.
The harpoon shot hits you!
* * * LOW HITPOINT WARNING * * *
You are yanked forward by the harpoon shot.
A swamp worm comes into view.
A swamp dragon comes into view.
Found a staff of poison.
As you read the scroll of fear, it crumbles to dust.
You assume a fearsome visage.
The swamp dragon looks frightened!
The swamp dragon roars deafeningly!
The tyrant leech looks frightened!
The will-o-the-wisp is unaffected.
The swamp dragon looks frightened!
The swamp drake looks frightened!
The swamp drake roars!
The bunyip resists with almost no effort.
The swamp worm looks frightened! x3
The will-o-the-wisp gestures.
The will-o-the-wisp conjures some foxfire!
A foxfire comes into view.
As you read the scroll of teleportation, it crumbles to dust.
You feel strangely unstable.
A foxfire comes into view.
The trees move their gnarly branches around.
The foxfire hits you!
* * * LOW HITPOINT WARNING * * *
The swamp worm fires a harpoon shot at you.
The harpoon shot misses you. The foxfire hits you!
* * * LOW HITPOINT WARNING * * *
The swamp worm fires a harpoon shot at you.
The harpoon shot hits you.
* * * LOW HITPOINT WARNING * * *
You are yanked forward by the harpoon shot.
The swamp worm bites you!
You die...

...≈≈≈≈≈≈≈≈≈.≈♣♣..≈≈≈≈≈≈,,,,≈≈≈≈≈
≈≈≈≈≈≈≈≈≈≈≈.*♣≈≈.≈≈≈≈≈≈≈≈≈,**,≈≈≈
♣≈≈≈≈≈≈.≈≈..♣♣≈...≈≈≈≈§w,,,***≈≈≈
≈♣≈≈≈≈≈****♣...§..≈|≈≈≈.≈***,,,,,
≈≈≈≈≈≈,♣♣♣♣♣♣≈§.....≈≈≈≈,* *,,,,,
≈*≈≈≈≈.♣.≈..(§vx.≈..≈≈≈≈≈*******,
≈**,..≈...D§i≈≈≈≈≈..≈≈≈≈≈,* ***
****♣♣.≈≈w§..$§≈≈≈..≈≈..*** ***≈≈
♣≈≈≈♣♣♣♣♣..@..≈§≈..* **≈*≈,
♣♣♣≈≈,≈*♣♣♣w..≈≈≈≈≈****≈≈***
*,≈≈≈*♣♣≈...≈≈≈≈.,,*,,≈,,,
*≈≈,**♣≈≈≈≈...≈..≈,≈,,≈≈,≈ *,≈≈*
♣♣≈)§.♣≈≈≈.,,,≈,,,,,
**,,♣♣♣≈≈≈§k♣♣≈≈.,,,,***,, ♣♣♣
*♣♣♣≈≈♣..<≈♣*.≈.,,,,,,,,,
♣♣♣≈♣♣♣♣♣≈≈....≈♣♣♣*,..,,,,*,,,,
♣♣.....♣≈.≈≈§≈§..♣♣♣***≈≈,≈,,,,,,


You could see a bunyip, a swamp dragon (fleeing), a spriggan druid, a
will-o-the-wisp, 3 swamp worms and a swamp drake (fleeing).

Vanquished Creatures
  A bunyip (Swamp:1)
  Josephine (D:12)
  A spriggan air mage (Swamp:2)
  Fannar (Lair:2)
  8 hydras
  A boulder beetle (D:14)
  3 centaur warriors
  2 catoblepae
  A tengu warrior (D:14)
  An alligator (Swamp:2)
  3 two-headed ogres
  A death yak (Lair:5)
  3 spriggan berserkers (D:13)
  3 orc high priests (Orc:2)
  3 thrashing horrors (Lair:6)
  Nergalle (Lair:2)
  A goliath frog (Swamp:3)
  A spriggan druid (Swamp:2)
  2 bog bodies
  A swamp dragon (Swamp:3)
  A deep elf pyromancer (D:14)
  5 orc knights
  5 orc sorcerers
  A wizard (D:14)
  12 ugly things
  5 cyclopes
  2 manticores
  4 black mambas
  A gargoyle (D:14)
  11 cane toads
  8 rime drakes
  3 kobold demonologists
  8 komodo dragons
  3 ancient zymes (Lair:6)
  A meliai (Lair:5)
  4 polar bears
  7 trolls
  2 hornets (Swamp:1)
  9 slime creatures
  29 blink frogs
  A tyrant leech (Swamp:1)
  A water elemental (D:12)
  7 wraiths
  3 spriggans
  3 ynoxinuls (Lair:6)
  67 yaks
  A shadow (D:12)
  13 wyverns
  A chaos spawn (Lair:6)
  A golden eye (shapeshifter) (Lair:6)
  9 basilisks
  11 humans (D:13)
  10 small abominations (Lair:6)
  5 vampire mosquitoes (Swamp:1)
  A minotaur simulacrum (Swamp:3)
  7 wargs
  4 nagas
  7 swamp worms
  An acid dragon (D:12)
  14 water moccasins
  4 ice beasts
  21 orc warriors
  A large abomination (Lair:6)
  2 sky beasts
  16 wolves
  2 necrophages
  A wolf (shapeshifter) (Lair:6)
  9 ogres
  4 phantoms
  8 centaurs
  9 kobold brigands
  A wyvern zombie (D:7)
  7 bullfrogs
  2 gnoll sergeants
  5 scorpions
  A water moccasin skeleton (D:5)
  33 killer bees
  4 electric eels
  6 howler monkeys
  4 bullfrog zombies
  A lava snake (D:7)
  4 centaur zombies
  3 centaur skeletons
  7 hounds
  17 orc priests
  4 jellies
  3 bullfrog skeletons
  6 iguanas
  20 orc wizards
  8 hell rats (Lair:4)
  3 howler monkey zombies
  3 gnolls (D:9)
  A howler monkey skeleton (D:5)
  16 adders
  A white imp (D:5)
  An ufetubus (D:6)
  3 dart slugs
  65 orcs
  6 bats
  11 endoplasms
  A giant cockroach (D:2)
  12 goblins
  10 hobgoblins
  5 jackals
  33 kobolds
  6 quokkas
  4 ball pythons
  13 frilled lizards
  3 rats
  A fulminant prism (Lair:6)
738 creatures vanquished.

Vanquished Creatures (collateral kills)
  A bunyip (Swamp:3)
  2 eleionomae (Swamp:2)
  3 hydras
  An alligator (Swamp:1)
  7 spriggans
  A shock serpent (Snake:1)
  2 goliath frogs (Swamp:2)
  3 spriggan druids (Swamp:2)
  2 swamp dragons (Swamp:2)
  2 bog bodies
  An orc knight (Orc:1)
  A salamander (Snake:1)
  A black mamba (Lair:4)
  6 tyrant leeches
  A troll (Orc:1)
  4 hornets
  A vampire (D:11)
  9 vampire mosquitoes
  2 swamp worms
  An orc warrior (Orc:1)
  An alligator simulacrum (Swamp:3)
52 creatures vanquished.

Vanquished Creatures (others)
  5 hydras
  A boulder beetle (D:14)
  An anaconda (Lair:4)
  2 two-headed ogres
  A death yak (Lair:5)
  A thrashing horror (Lair:6)
  Urug (D:13)
  A goliath frog (Swamp:2)
  A large abomination (Lair:6)
  A cyclops (D:10)
  3 ugly things (D:14)
  An orc sorcerer (Orc:2)
  An oklob plant (Lair:3)
  An elephant (Lair:5)
  A black mamba (Lair:4)
  5 cane toads
  A gargoyle (D:8)
  A kobold demonologist (D:11)
  3 rime drakes
  2 komodo dragons
  3 entropy weaver simulacra (Swamp:3)
  A tengu conjurer (D:13)
  2 meliai (Lair:5)
  A queen bee (Lair:5)
  A troll (D:10)
  2 tyrant leeches
  3 polar bears
  A hornet (Swamp:3)
  2 blink frogs
  A slime creature (D:12)
  A shadow (D:11)
  A spriggan (Swamp:3)
  4 wyverns
  A dire elephant simulacrum (Swamp:3)
  8 yaks
  A human (D:13)
  A basilisk (Lair:1)
  2 swamp worms
  3 water moccasins
  2 orc warriors
  A black bear (Lair:3)
  An ogre (D:9)
  A wolf (D:10)
  2 deep troll simulacra (Swamp:3)
  3 wights (D:8)
  An orc wizard (Orc:2)
  A hell rat (Lair:4)
  2 gnolls (D:9)
  An orc (D:12)
  3 kobolds
  5 bushes
  2 foxfires (Swamp:3)
  59 fulminant prisms
  58 fungi
  102 plants
317 creatures vanquished.

Grand Total: 1107 creatures vanquished

Notes
Turn   | Place    | Note
-------+----------+-------------------------------------------
     0 | D:1      | 4FPSwarrior the Demigod Conjurer began the quest for the
                  | Orb.
     0 | D:1      | Reached XP level 1. HP: 14/14 MP: 5/5
   277 | D:1      | Reached XP level 2. HP: 20/20 MP: 4/7
  1183 | D:1      | Learned a level 2 spell: Searing Ray
  1414 | D:2      | Reached skill level 1 in Maces & Flails
  1414 | D:2      | Reached XP level 3. HP: 26/26 MP: 6/9
  1956 | D:2      | Reached XP level 4. HP: 25/33 MP: 3/10
  2260 | D:2      | Learned a level 3 spell: Dazzling Flash
  2574 | D:3      | Noticed an ogre
  2620 | D:3      | Noticed an ogre
  2622 | D:3      | Killed an ogre
  2623 | D:3      | Reached skill level 1 in Hexes
  2623 | D:3      | Reached XP level 5. HP: 38/38 MP: 7/12
  2628 | D:3      | Killed an ogre
  3268 | D:3      | Reached XP level 6. HP: 45/45 MP: 8/14
  3905 | D:4      | Reached skill level 5 in Conjurations
  4382 | D:4      | Identified the +10 hand axe of the Hungering Gnat {vorpal,
                  | rElec Str+2 Int+3}
  4747 | D:4      | Reached XP level 7. HP: 50/50 MP: 10/16
  5037 | D:5      | Entered Level 5 of the Dungeon
  5043 | D:5      | Reached skill level 1 in Axes
  5181 | D:5      | Found a staircase to the Ecumenical Temple.
  5254 | D:5      | Learned a level 3 spell: Summon Guardian Golem
  5701 | D:4      | Reached skill level 1 in Summonings
  6014 | D:5      | Reached XP level 8. HP: 58/58 MP: 18/18
  6231 | D:5      | Reached skill level 1 in Fighting
  6304 | D:5      | Identified the -7 helmet of Vanity {rElec}
  6514 | D:5      | Reached skill level 2 in Fighting
  6698 | D:5      | Reached skill level 5 in Spellcasting
  7035 | D:5      | Noticed a two-headed ogre
  7185 | D:4      | Reached XP level 9. HP: 61/68 MP: 20/20
  7304 | D:5      | HP: 3/68 [two-headed ogre (29)]
  7776 | D:4      | Killed a two-headed ogre
  7777 | D:4      | Reached skill level 3 in Fighting
  8624 | D:5      | Reached skill level 5 in Hexes
  9368 | D:6      | Identified the +4 short sword of Penawnuz {spect, rC+++
                  | Will+++ Str-3 Dex-5}
  9875 | D:6      | Found Qiepp's Weapon Shop.
 10477 | D:7      | Reached skill level 4 in Fighting
 10926 | D:7      | Reached XP level 10. HP: 77/78 MP: 22/22
 11038 | D:7      | Found the +6 shillelagh "Devastator" {shatter}
 12075 | D:8      | Found a flagged portal.
 12083 | D:8      | Reached skill level 5 in Axes
 13084 | D:8      | Reached skill level 5 in Summonings
 13673 | D:8      | Learned a level 4 spell: Fulminant Prism
 13679 | D:8      | Learned a level 5 spell: Freezing Cloud
 14174 | D:9      | Found a staircase to the Orcish Mines.
 14218 | D:9      | Noticed a two-headed ogre
 14550 | D:9      | Reached skill level 1 in Shields
 14550 | D:9      | Reached skill level 1 in Ice Magic
 14550 | D:9      | Reached skill level 1 in Air Magic
 14550 | D:9      | Reached skill level 1 in Evocations
 14556 | D:9      | Reached skill level 5 in Fighting
 15256 | D:9      | Killed a two-headed ogre
 15560 | D:10     | Entered Level 10 of the Dungeon
 16045 | D:10     | Reached XP level 11. HP: 88/88 MP: 25/25
 16085 | D:10     | Found a staircase to the Lair.
 16692 | D:10     | Found Aschaskang's Magic Scroll Boutique.
 16750 | D:10     | Bought a scroll of vulnerability for 75 gold pieces
 16750 | D:10     | Bought a scroll of enchant weapon for 75 gold pieces
 16750 | D:10     | Bought a scroll of amnesia for 35 gold pieces
 16750 | D:10     | Bought a scroll of immolation for 35 gold pieces
 16750 | D:10     | Bought a scroll of identify for 20 gold pieces
 16750 | D:10     | Bought 3 scrolls of identify for 60 gold pieces
 16750 | D:10     | Bought a scroll of blinking for 75 gold pieces
 17167 | D:11     | Identified the +4 ring mail "Tageimm" {rElec rF+ rN+
                  | Regen+}
 17500 | Lair:1   | Entered Level 1 of the Lair of Beasts
 18653 | Lair:1   | Identified the -2 tower shield "Loawaofy" {+Inv rCorr Dex+4
                  | SInv}
 19280 | Lair:2   | Reached skill level 6 in Fighting
 19765 | Lair:2   | Noticed a four-headed hydra
 19872 | Lair:1   | Killed a four-headed hydra
 20092 | Lair:2   | Noticed a six-headed hydra
 20108 | Lair:2   | Killed a six-headed hydra
 20114 | Lair:2   | Reached XP level 12. HP: 32/96 MP: 27/27
 20278 | Lair:2   | Noticed Nergalle
 20414 | Lair:2   | Killed Nergalle
 20516 | Lair:2   | Noticed a four-headed hydra
 20535 | Lair:2   | Killed a four-headed hydra
 20703 | Lair:2   | Found a staircase to the Swamp.
 20898 | Lair:2   | Noticed Fannar
 20922 | Lair:2   | Killed Fannar
 21445 | Lair:3   | Identified the amulet "Unoth" {Spirit Str+2 Dex+6}
 21705 | Lair:3   | Reached skill level 7 in Fighting
 21857 | Lair:3   | Reached skill level 5 in Evocations
 21985 | Lair:3   | Reached skill level 5 in Ice Magic
 21985 | Lair:3   | Reached skill level 5 in Air Magic
 22136 | Lair:3   | Noticed a four-headed hydra
 22140 | Lair:3   | Killed a four-headed hydra
 22284 | Lair:3   | Identified the +1 scale mail of Necvet {Will++}
 22342 | Lair:3   | Noticed an eight-headed hydra
 22354 | Lair:3   | Killed an eight-headed hydra
 22495 | Lair:3   | Reached skill level 1 in Armour
 22761 | Lair:3   | Identified the +0 robe of Subjectivity {rPois Int-5 Dex+2}
 23547 | Lair:4   | Reached XP level 13. HP: 105/105 MP: 29/29
 23713 | Lair:4   | Found a staircase to the Snake Pit.
 25477 | Lair:5   | Found a staircase to the Slime Pits.
 25558 | Lair:5   | You fall into a shaft and drop 1 floor!
 25558 | Lair:6   | Entered Level 6 of the Lair of Beasts
 25680 | Lair:5   | Reached skill level 8 in Fighting
 29241 | Lair:5   | Found a staircase to the Slime Pits.
 29432 | Lair:5   | Identified the +2 long sword "Erite" {antimagic, rElec
                  | Str+5}
 29640 | Lair:5   | Identified the +7 trident of Ogof Usm {antimagic, rC+}
 30297 | Lair:5   | Got the Catalogue of Transmigration
 32181 | Orc:1    | Entered Level 1 of the Orcish Mines
 32711 | Orc:1    | Found a transporter.
 32712 | Orc:1    | Noticed chujev's ghost (journeyman DrTm)
 32717 | Orc:1    | Found a transporter.
 33199 | Orc:1    | Reached XP level 14. HP: 116/116 MP: 31/31
 33323 | Orc:2    | Entered Level 2 of the Orcish Mines
 33711 | Orc:2    | Reached skill level 9 in Fighting
 33898 | Orc:2    | Reached skill level 10 in Conjurations
 34102 | Orc:2    | Found a staircase to the Elven Halls.
 34168 | Orc:2    | Found Jofeawn's Magic Scroll Emporium.
 34206 | Orc:2    | Bought a scroll of identify for 24 gold pieces
 34206 | Orc:2    | Bought a scroll of identify for 24 gold pieces
 34206 | Orc:2    | Bought a scroll of identify for 24 gold pieces
 34209 | Orc:2    | Bought a scroll of identify for 24 gold pieces
 34209 | Orc:2    | Bought a scroll of teleportation for 36 gold pieces
 34209 | Orc:2    | Bought a scroll of teleportation for 36 gold pieces
 35903 | Orc:2    | Found Maesoppe's Armour Shop.
 35969 | Orc:2    | Found Qusiril's Antique Weapon Emporium.
 35970 | Orc:2    | Found Ygijashre's Book Shop.
 35971 | Orc:2    | Found Amafuar's Distillery.
 36006 | Orc:2    | Bought a potion of berserk rage for 80 gold pieces
 36006 | Orc:2    | Bought a potion of might for 64 gold pieces
 36006 | Orc:2    | Bought a potion of lignification for 48 gold pieces
 36030 | Orc:2    | Bought a book of the Spheres for 918 gold pieces
 36036 | Orc:2    | Learned a level 5 spell: Iskenderun's Battlesphere
 36036 | Orc:2    | Bought a book of Rime for 476 gold pieces
 36040 | Orc:2    | Learned a level 3 spell: Frozen Ramparts
 37688 | Lair:6   | Reached skill level 5 in Dodging
 38797 | Lair:6   | Found a one-way gate to the infinite horrors of the Abyss.
 38847 | Lair:6   | Identified the ring of Plog {+Blink rC+ Int+6}
 39243 | D:11     | Found a runed translucent door.
 39885 | D:12     | Noticed Josephine
 40075 | D:12     | Killed Josephine
 41236 | D:13     | Noticed Urug
 41255 | D:13     | Killed Urug
 41372 | D:13     | Reached skill level 10 in Fighting
 42110 | D:13     | Found the +8 Wrath of Trog {antimagic, *Rage Rampage}
 42286 | D:13     | Reached XP level 15. HP: 113/126 MP: 32/33
 42353 | D:13     | Reached skill level 5 in Armour
 42396 | D:13     | Identified the +1 kite shield of the Other World {+Blink
                  | Str+2 Int+2}
 42399 | D:13     | Found a gate to the Vaults.
 42412 | D:13     | Upgraded the game from 0.27.1-15-g792fb953b9 to
                  | 0.27.1-16-g815e20cd7a
 44102 | D:15     | Entered Level 15 of the Dungeon
 44104 | D:15     | Identified a scroll of acquirement
 44105 | D:15     | Acquired the +3 pair of boots of Weightlessness {Str+4
                  | Int+3 Dex-5}
 44184 | D:15     | Noticed Nessos
 44880 | Lair:4   | Learned a level 4 spell: Summon Ice Beast
 44881 | Snake:1  | Entered Level 1 of the Snake Pit
 45382 | Swamp:1  | Entered Level 1 of the Swamp
 46965 | Swamp:1  | Reached skill level 5 in Stealth
 48073 | Swamp:1  | Reached skill level 5 in Shields
 50887 | Swamp:3  | Found a frozen archway.
 51342 | IceCv    | Entered an ice cave
 52346 | Swamp:2  | Reached skill level 11 in Fighting
 52647 | Swamp:3  | Noticed a thorn hunter
 52687 | Swamp:3  | Slain by a swamp worm

Illustrated notes

Levels and vault maps discovered:
D:1:      nzn_arrival_water_spiral, layout_basic, serial_bayou,
          serial_bayou_pond_c, serial_bayou_shore_b, serial_bayou_pond_d,
          serial_bayou_shore_b
D:2:      layout_basic, kennysheep_generic_room_16
D:3:      layout_loops_ring, hangedman_decor_slide_cut
D:4:      layout_gridville
D:5:      minmay_polygon_palace, layout_cave_pools,
          ashenzari_conservatory_becter, nicolae_vehumet_altar_sigil,
          minmay_temple_entry_statues_pillars, nzn_random_ring
D:6:      layout_loops_ring, mainiacjoe_overflow_swirl, serial_shops,
          nicolae_shop_crystal, minmay_lizard_king
D:7:      layout_loops_ring, kennysheep_mini_moat, kennysheep_potato
D:8:      layout_loops_ring, beargit_hepliaklqana_dungeon_heroes,
          enter_bailey_5, chequers_serial_rivers_micro_d,
          nicolae_looking_at_the_future
D:9:      layout_stronghold, mainiacjoe_overflow_catch_the_wave, david_orc_3
D:10:     layout_roguey, mainiacjoe_overflow_brackets, erik_lair_island,
          serial_shops, nicolae_shop_waterfront, serial_bayou_pond_e,
          minmay_sticks_and_stones
D:11:     layout_basic, minivault_13
D:12:     layout_rooms, nooodl_orcs_dogs, uniq_josephine
D:13:     layout_basic, ximxim_vaults_locker_room,
          minmay_guarded_unrand_wrath_of_trog, uniq_urug
D:14:     layout_basic
D:15:     hangedman_depths_entry_civil_slaughter, layout_gridville,
          gauntlet_entry_generic, uniq_jorgrun, uniq_nessos
Lair:1:   layout_layer_cave, infiniplex_staircase_pool_2
Lair:2:   layout_regular_city, palyth_hydra_swamp_entry,
          cheibrodos_lair_lostbears, uniq_fannar, uniq_nergalle
Lair:3:   layout_hall_layers, minivault_27, lemuel_oklob_altar,
          lemuel_fruit_tree, grunt_megastairs_3
Lair:4:   layout_roguey, guppyfry_snake_entry_island, special_room
          [special_room_mythical_zoo]
Lair:5:   regret_index_bee_streams, layout_hall_layers,
          nicolae_slime_entry_slimehenge, basic_altar, worms_lemuel
Lair:6:   hellmonk_lair_end_abyssal_woods, layout_layer_cave
Swamp:1:  layout_basic_swamp, hangedman_swamp_pad
Swamp:2:  layout_falls_marsh, serial_swamp_ruin, hangedman_swamp_ruin_wall,
          evilmike_swamp_ruin_house_3, evilmike_swamp_ruin_rubble_1, swamp_pool2
Swamp:3:  layout_basic_swamp, portal_ice_cave_entry_ice_simulacra,
          evilmike_swamp_ruin_rubble_2, swamp_pool1
Snake:1:  layout_rooms, gammafunk_ghost_cemetery, serial_shops,
          nicolae_take_the_stairs, uniq_roxanne, uniq_louise, uniq_nikola
Orc:1:    layout_caves, basic_altar, gammafunk_ghost_arena, mines_bat_river
Orc:2:    st_orc_elflike, layout_diamond_mine, serial_shops,
          nicolae_diamond_shop

Skill      XL: |  1  2  3  4  5  6  7  8  9 10 11 12 13 14 15 |
---------------+----------------------------------------------+-----
Spellcasting   | 2 3 4 5 6 7 8 9 |  9.7
Conjurations   | 4 5 6 7 8 9 10 | 10.9
Maces & Flails | 1 2 3 |  3.0
Hexes          | 1 2 3 4 5 6 7 8 |  8.0
Axes           | 2 3 4 5 |  5.9
Summonings     | 2 3 4 5 |  5.1
Fighting       | 2 4 5 6 7 8 10 11 | 11.0
Shields        | 1 4 5 |  5.7
Ice Magic      | 1 3 5 6 7 8 |  8.0
Air Magic      | 1 3 5 6 7 8 |  8.0
Evocations     | 2 3 5 6 7 8 |  8.2
Dodging        | 2 4 5 |  5.8
Armour         | 1 3 4 5 |  5.8
Stealth        | 2 4 5 |  5.0

Action                   |  1- 3 |  4- 6 |  7- 9 | 10-12 | 13-15 || total
-------------------------+-------+-------+-------+-------+-------++-------
Melee: Whip              |     1 |       |       |       |       ||     1
       Hand axe          |       |       |    79 |   201 |   506 ||   786
       Short sword       |       |       |       |     9 |   492 ||   501
       War axe           |       |       |       |       |     7 ||     7
 Cast: Magic Dart        |    76 |    85 |   180 |   218 |   560 ||  1119
       Searing Ray       |     3 |    11 |    35 |    53 |    78 ||   180
       Dazzling Flash    |       |     1 |     6 |     2 |    25 ||    34
       Summon Guardian G |       |       |     4 |    82 |   100 ||   186
       Fulminant Prism   |       |       |       |    19 |    42 ||    61
       Freezing Cloud    |       |       |       |       |    19 ||    19
       Frozen Ramparts   |       |       |       |       |    12 ||    12
       Iskenderun's Batt |       |       |       |       |     8 ||     8
       Summon Ice Beast  |       |       |       |       |   107 ||   107
Evoke: Wand              |       |       |     7 |    10 |     9 ||    26
       Box of beasts     |       |       |       |       |     3 ||     3
  Use: Scroll            |       |       |     5 |    13 |    23 ||    41
       Potion            |       |       |     1 |     2 |     4 ||     7
 Stab: Sleeping          |       |       |     1 |     1 |    10 ||    12
       Paralysed         |       |       |       |    10 |       ||    10
       Invisible         |       |       |       |       |     6 ||     6
       Distracted        |       |       |       |       |    10 ||    10
Armor: Robe              |     2 |     2 |    32 |    45 |    77 ||   158
       Ring mail         |       |       |       |    48 |   268 ||   316
Dodge: Dodged            |     9 |     9 |   108 |   149 |   725 ||  1000
Block: Buckler           |       |       |       |    95 |   446 ||   541
